 Dungeon Crawl Stone Soup version bcrawl-1.21.3 (webtiles) character file.

Game seed: 8291725582089835160

56 funkygono the Ruffian (level 3, 0/33 HPs)
             Began as a Sand Dwarf Martial Artist on Mar 26, 2020.
             Was a Follower of Wu Jian.
             Slain by an adder (1 damage)
             ... on level 3 of the Dungeon.
             The game lasted 00:06:09 (1922 turns).

funkygono the Ruffian (Sand Dwarf Martial Artist)   Turns: 1922, Time: 00:06:09

Health: 0/33       AC:  6    Str: 17    XL:     3   Next: 95%
Magic:  4/4        EV: 18    Int:  9    God:    Wu Jian [*.....]
Gold:   163        SH:  0    Dex: 13    Spells: 3/4 levels left

rFire    . . .     SeeInvis .   a - +0 club
rCold    . . .     Gourm    .   (shield restricted)
rNeg     . . .     Faith    .   g - +0 ring mail
rPois    .         Spirit   .   (no helmet)
rElec    .         Reflect  .   m - +0 cloak
rCorr    .         Harm     .   (no gloves)
MR       .....                  (no boots)
Stlth    +.........             (no amulet)
HPRegen  0.11/turn              j - +4 ring of evasion
MPRegen  0.09/turn              (no ring)

@: lethally poisoned (0 -> -8), slow
A: small, slowness 1, armour attunement
a: Wall Jump, Renounce Religion


You were on level 3 of the Dungeon.
You worshipped Wu Jian.
Wu Jian was aware of your devotion.
You were not hungry.

You visited 1 branch of the dungeon, and saw 3 of its levels.

You collected 163 gold pieces.

Inventory:

Hand Weapons
 a - a +0 club (weapon)
Armour
 g - a +0 ring mail (worn)
 m - a +0 cloak (worn)
Jewellery
 j - a +4 ring of evasion (left hand)
Scrolls
 k - a scroll of teleportation
Potions
 b - a potion of agility
 f - 2 potions of invisibility
 h - a potion of brilliance {unknown}
 i - a potion of heal wounds
 l - 2 potions of mutation
Comestibles
 e - 3 rations {!d}


   Skills:
 + Level 4.3 Fighting
 + Level 2.2 Maces & Flails
 + Level 1.2 Armour
 + Level 2.9 Dodging
 + Level 0.7 Stealth
 + Level 4.5 Unarmed Combat
 + Level 1.0 Spellcasting
 + Level 0.7 Hexes


You had 3 spell levels left.
You knew the following spells:

 Your Spells              Type           Power        Failure   Level  Hunger
a - Confusing Touch       Hex            #.......     28%         1    ##.....
Your spell library was empty.

Dungeon Overview and Level Annotations

Branches:
Dungeon (3/12)

Altars:
Hepliaklqana


Innate Abilities, Weirdness & Mutations

You are small and have problems with some larger weapons.
You cover ground slowly.
Armour does not affect your spellcasting.


Message History

The adder bites you but does no damage.
You closely miss the adder.
The adder is moderately wounded.
* * * LOW HITPOINT WARNING * * *
You feel sick. The adder completely misses you. The orc barely misses you.
The adder bites you but does no damage. The orc closely misses you.
The adder barely misses you.
You hit the adder.
The adder is heavily wounded.
* * * LOW HITPOINT WARNING * * *
You feel sick. The adder closely misses you. The orc barely misses you.
The adder closely misses you. The orc closely misses you. The adder bites you.
* * * LOW HITPOINT WARNING * * *
The orc hits you from afar with a +0 trident.
* * * LOW HITPOINT WARNING * * *
You hit the adder but do no damage.
The adder is heavily wounded.
* * * LOW HITPOINT WARNING * * *
You feel sick. The adder bites you.
You die...

## .... ..... .
## .#S. .. #. ..#
#.. #.#####..#
#...#.....<..##.#
#...o...........
#.#.S##........#
#..wS@og........
#######o........
#.........
#.........
#.........
#........
#........ ..#.##.


You could see an orc wizard, 2 adders, a dart slug, 2 orcs and a hobgoblin.

Vanquished Creatures
  2 adders (D:2)
  A worm (D:2)
  2 dart slugs
  A leopard gecko (D:2)
  An orc (D:2)
  3 bats
  A giant cockroach (D:1)
  4 goblins
  5 hobgoblins (D:1)
  2 jackals (D:1)
  A frilled lizard (D:1)
  3 kobolds
  2 rats
28 creatures vanquished.

Notes
Turn   | Place    | Note
-------+----------+-------------------------------------------
     0 | D:1      | funkygono the Sand Dwarf Martial Artist began the quest for
                  | the Orb.
     0 | D:1      | Reached XP level 1. HP: 19/19 MP: 2/2
   252 | D:1      | Reached XP level 2. HP: 27/27 MP: 3/3
   735 | D:1      | Reached XP level 3. HP: 33/33 MP: 4/4
   909 | D:2      | Found a hazy altar of Hepliaklqana.
   994 | D:2      | Reached skill level 1 in Maces & Flails
  1101 | D:2      | Reached skill level 1 in Armour
  1922 | D:3      | HP: 1/33 [poisoned by an adder]
  1922 | D:3      | Slain by an adder

Skill      XL: |  1  2  3 |
---------------+----------+-----
Fighting       | 4 |  4.3
Maces & Flails | 2 |  2.2
Armour         | 1 |  1.2
Dodging        | |  2.9
Stealth        | |  0.7
Unarmed Combat | |  4.5
Spellcasting   | |  1.0
Hexes          | |  0.7

Action                   || total
-------------------------++-------
Melee: Club              ||   152
       Unarmed           ||     2
       Punch             ||     3
Invok: Lunge             ||    12
       Whirlwind         ||    11
 Abil: Wall Jump         ||     2
  Use: Scroll            ||     7
 Stab: Sleeping          ||     1
  Eat: Chunk             ||     3
       Ration            ||     1
Armor: Leather armour    ||    20
       Ring mail         ||    13
Dodge: Dodged            ||   185
